 Dungeon Crawl Stone Soup version 0.22-a0-824-g1ca9aab89c (webtiles) character file.

141 Htamos the Conjurer (level 5, 21/21 HPs)
             Began as a Felid Conjurer on July 23, 2018.
             Quit the game on level 3 of the Dungeon.
             The game lasted 00:19:23 (5223 turns).

Htamos the Conjurer (Felid Conjurer)                Turns: 5223, Time: 00:19:23

Health: 21/21      AC:  1    Str:  4    XL:     5   Next: 3%
Magic:  11/11      EV: 19    Int: 18    God:
Gold:   174        SH:  0    Dex: 16    Spells: 5/10 levels left
                                        Lives:  0   Deaths: 1

rFire    . . .     SeeInvis +   (weapon unavailable)
rCold    . . .     Gourm    .   (shield unavailable)
rNeg     . . .     Faith    .   (armour unavailable)
rPois    .         Spirit   .   (helmet unavailable)
rElec    .         Reflect  .   (cloak unavailable)
rCorr    .         Harm     .   (gloves unavailable)
MR       .....                  (boots unavailable)
Stlth    +++.......             (no amulet)
HPRegen  0.07/turn              (no ring)
MPRegen  0.12/turn              (no ring)

@: quick
A: very small, no armour, no weapons or thrown items, stealth, claws 1, fangs 3,
see invisible, carnivore, speed 1, shaggy fur 1, slow metabolism 1, sharp paws
a: no special abilities


You were on level 3 of the Dungeon.
You were completely stuffed.

You visited 1 branch of the dungeon, and saw 3 of its levels.

You collected 174 gold pieces.

Inventory:

Jewellery
 n - an uncursed ring of protection from fire {unknown}
Scrolls
 a - a scroll of blinking {unknown}
 c - a scroll of teleportation {unknown}
 e - 2 scrolls of remove curse
 h - a scroll of identify
 j - 2 scrolls of fog {unknown}
 l - a scroll of fear {unknown}
 p - a scroll of magic mapping {unknown}
Potions
 f - 2 potions of curing
 g - a potion of invisibility
 i - a potion of brilliance
 k - a potion of heal wounds
 m - a potion of magic
 o - a potion of might {unknown}
Comestibles
 b - 10 rations


   Skills:
 + Level 4.1 Dodging
 + Level 4.3 Stealth
 * Level 3.4 Spellcasting
 * Level 4.6 Conjurations


You had 5 spell levels left.
You knew the following spells:

 Your Spells              Type           Power        Failure   Level  Hunger
a - Magic Dart            Conj           ###.         2%          1    None
b - Iskenderun's Mystic   Conj           ###.....     24%         4    ####...

Your spell library contained the following spells:

 Spells                   Type           Power        Failure   Level  Hunger
 Fulminant Prism          Conj/Hex       ##........   52%         4    ####...
 Dazzling Spray           Conj/Hex       ##....       19%         3    ###....
 Force Lance              Conj/Tloc      ##......     52%         4    ####...
 Searing Ray              Conj           ###...       3%          2    ##.....


Dungeon Overview and Level Annotations

Branches:
Dungeon (3/15)

Altars:
Cheibriados
Kikubaaqudgha


Innate Abilities, Weirdness & Mutations

You cannot wear armour.
You are incapable of wielding weapons or throwing items.
Your paws allow you to move quietly. (Stealth)
You have sharp claws.
You have razor-sharp teeth.
You have supernaturally acute eyesight. (SInv)
You are carnivorous and can eat meat at any time.
You cover ground quickly.
You are covered in fur. (AC +1)
You have a slow metabolism.
Your sharp claws are effective at attacking unaware monsters.


Message History

The dart slug launches a dart at you. The slug dart hits you!
Casting: Magic Dart (safe; 2% risk of failure)
Confirm with . or Enter, or press ? or * to list all spells.
Aiming: Magic Dart (safe; 2% risk of failure)
Press: ? - help, Shift-Dir - straight line, f/p - dart slug
Aim: a dart slug (almost dead, clinging)
The magic dart hits the dart slug.
You kill the dart slug!
You start resting.
Some of the chunks of flesh in your inventory have rotted away.
HP restored.
You now have 161 gold pieces (gained 10).
p - a scroll labeled LEOPUR YMEDU Eating a chunk of flesh.
You eat the chunk of flesh.
This raw flesh tastes great.
You now have 174 gold pieces (gained 13).
Done exploring.
Done exploring.
Are you sure you want to abandon this character and quit the game? (Confirm with "yes".)

.......#
.......######
............######
......#####......#
......# ######.##
......# #..##
......# #######...#
......# ##.....#...#
......###..#..##@..#
......)......#######
###.#..###.#..<.#
#......#...####.#
#.#......### #..#
#.#.....## #.##
..#....## ##.#
###....# #..# #
#....######.##


There were no monsters in sight!

Vanquished Creatures
  An orc priest (D:2)
  Terence (D:3)
  Robin (D:2)
  7 adders
  4 worms (D:2)
  A dart slug (D:3)
  2 orcs
  A giant cockroach (D:1)
  14 goblins
  8 hobgoblins
  7 jackals
  5 kobolds
  A ball python (D:1)
  6 bats
  6 frilled lizards
  7 rats
72 creatures vanquished.

Notes
Turn   | Place    | Note
-------+----------+-------------------------------------------
     0 | D:1      | Htamos the Felid Conjurer began the quest for the Orb.
     0 | D:1      | Reached XP level 1. HP: 7/7 MP: 4/4
   498 | D:1      | Reached XP level 2. HP: 11/11 MP: 3/6
  1589 | D:2      | Reached XP level 3. HP: 14/14 MP: 5/7
  2460 | D:2      | Noticed Robin
  2843 | D:2      | Reached XP level 4. HP: 18/18 MP: 4/9
  2907 | D:2      | Learned a level 4 spell: Iskenderun's Mystic Blast
  3528 | D:2      | Killed Robin
  3777 | D:3      | Noticed Terence
  3962 | D:3      | Reached XP level 5. HP: 21/21 MP: 2/10
  4644 | D:2      | Killed from afar by an orc priest
  4645 | D:2      | Reached XP level 4. HP: -1/18 MP: 0/9
  4831 | D:3      | Killed Terence
  4870 | D:3      | Reached XP level 5. HP: 16/21 MP: 0/11
  5040 | D:3      | Found an ancient bone altar of Kikubaaqudgha.
  5149 | D:3      | Found a snail-covered altar of Cheibriados.
  5223 | D:3      | Quit the game

Vault maps used:
D:1:      minmay_arrival_stone_box, roderic_roman_lattice, minmay_bisected
D:2:      first_ration, uniq_robin
D:3:      cheibriados_altar_1, kiku_gazebo_pond_becter, uniq_terence

Skill      XL: |  1  2  3  4 |
---------------+-------------+-----
Stealth        | 3 4 |  4.3
Dodging        | 3 4 |  4.1
Conjurations   | 4 |  4.6
Spellcasting   | 3 |  3.4

Action                   |  1- 3 |  4- 6 || total
-------------------------+-------+-------++-------
Melee: Unarmed           |     4 |    18 ||    22
 Cast: Magic Dart        |    97 |   141 ||   238
  Use: Scroll            |       |     6 ||     6
       Potion            |       |     2 ||     2
  Eat: Chunk             |    11 |    11 ||    22
Armor: Skin              |     3 |       ||     3
Dodge: Dodged            |    26 |    42 ||    68

Table legend:
 A = Spawn XP
 B = Non-spawn XP
 C = Spawn XP percentage of total XP
 D = Spawn monster count
 E = Non-spawn monster count
 F = Spawn count percentage of total count
 G = Total turns spent on level
                    A         B        C        D         E        F      G
               +---------+---------+-------+---------+---------+-------+---------
         Total |       0 |     307 |   0.0 |       0 |      72 |   0.0 |  5223
               +---------+---------+-------+---------+---------+-------+---------
           D:1 |       0 |      37 |   0.0 |       0 |      22 |   0.0 |  1776
           D:2 |       0 |     187 |   0.0 |       0 |      36 |   0.0 |  2716
           D:3 |       0 |      83 |   0.0 |       0 |      14 |   0.0 |   731
               +---------+---------+-------+---------+---------+-------+---------
